 Dungeon Crawl Stone Soup version 0.19.1 (webtiles) character file.

282 schauveau the Cudgeler (level 6, -10/38 HPs)
             Began as a Gargoyle Berserker on Dec 11, 2016.
             Was a Priest of Trog.
             Mangled by an ogre
             ... wielding a +0 giant spiked club
              (21 damage)
             ... on level 4 of the Dungeon.
             The game lasted 00:04:52 (3038 turns).

schauveau the Cudgeler (Gargoyle Berserker)         Turns: 3038, Time: 00:04:53

Health: -10/38     AC: 12    Str: 22    XL:     6   Next: 28%
Magic:  6/6        EV: 10    Int:  8    God:    Trog [***...]
Gold:   144        SH:  0    Dex:  9    Spells: 0 memorised, 5 levels left

rFire  . . .     SeeInvis .     a - +0 mace
rCold  + . .     Gourm    .     k - +0 scale mail
rNeg   + . .     Faith    +     (no shield)
rPois  ∞         Spirit   .     (no helmet)
rElec  +         Reflect  .     q - +0 cloak
rCorr  .         Harm     .     (no gloves)
MR     .....                    (no boots)
Stlth  ..........               w - amulet of faith
                                (no ring)
                                t - ring of protection from cold

@: no status effects
A: negative energy resistance 1, electricity resistance, unbreathing,
petrification resistance, rot immunity, AC +4
a: Berserk, Trog's Hand, Burn Spellbooks, Renounce Religion


You were on level 4 of the Dungeon.
You worshipped Trog.
Trog was most pleased with you.
You were hungry.

You visited 1 branch of the dungeon, and saw 5 of its levels.

You collected 144 gold pieces.

Inventory:

Hand Weapons
 a - a +0 mace (weapon)
Missiles
 g - a throwing net (quivered)
 s - 2 poisoned needles
Armour
 b - a +0 animal skin
 k - a +0 scale mail (worn)
 q - a +0 cloak (worn)
Jewellery
 t - a ring of protection from cold (left hand)
 w - an amulet of faith (around neck)
Scrolls
 e - a scroll of remove curse
 i - a scroll of identify {unknown}
 j - a scroll of noise
 l - a scroll of enchant armour {unknown}
 o - a scroll of teleportation {unknown}
 u - a scroll of blinking {unknown}
Potions
 h - 2 potions of degeneration {unknown}
 m - 2 potions of heal wounds {unknown}
 n - a potion of lignification {unknown}
 p - a potion of curing {unknown}
 v - a potion of might {unknown}
Comestibles
 c - 4 bread rations
 d - 2 royal jellies
 r - a slice of pizza


   Skills:
 - Level 4.0 Fighting
 * Level 6.0 Maces & Flails
 - Level 2.2 Armour
 - Level 2.3 Dodging
 - Level 1.0 Stealth


You had 5 spell levels left.
You didn't know any spells.

Dungeon Overview and Level Annotations

Branches:
Dungeon (5/15)             Temple (0/1) D:5

Altars:
Fedhas
Vehumet


Innate Abilities, Weirdness & Mutations

You are resistant to torment.
Your stone body is resilient. (AC +4)
You are immune to poison.
You resist negative energy. (rN+)
You are resistant to electric shocks. (rElec)
You can survive without breathing.
You are immune to petrification.
You are immune to rotting.


Message History

The crimson imp blinks!
The hound barely misses you.
You climb upwards.
There is a stone staircase leading down here.
You closely miss the hound.
The hound is moderately wounded.
The hound bites you. x2
You closely miss the hound.
The hound is moderately wounded.
The hound bites you but does no damage. x2
You sock the hound!
You kill the hound!
Trog accepts your kill.
Your Maces & Flails skill increases to level 6!
You barely miss the ogre.
The ogre hits you with a giant spiked club!
* * * LOW HITPOINT WARNING * * *
You hit the ogre but do no damage.
The ogre hits you with a giant spiked club!!
Ouch! That really hurt!
You die...

##########
#........#
##>###.###########
#..O@......#......
##.###.###....##
#.##.###.# #..#..#
#........# ##...##
####.##### ##.##
#.# #.# #.# #.#
.(. ##'## #..
##...##


You could see an ogre.

Vanquished Creatures
  An orc priest (D:3)
  A bullfrog skeleton (D:4)
  A hound (D:4)
  Jessica (D:3)
  Ijyb (D:3)
  3 adders
  4 worms
  4 dart slugs
  4 leopard geckos
  6 orcs (D:3)
  A ball python (D:4)
  4 bats
  4 giant cockroaches
  10 hobgoblins
  7 jackals
  2 quokkas
  5 frilled lizards
  7 goblins
  6 kobolds
  A leopard gecko skeleton (D:4)
  23 rats
96 creatures vanquished.

Notes
Turn   | Place    | Note
-------+----------+-------------------------------------------
     0 | D:1      | schauveau the Gargoyle Berserker began the quest for the Orb.
     0 | D:1      | Reached XP level 1. HP: 14/14 MP: 1/1
   210 | D:1      | Reached XP level 2. HP: 19/19 MP: 2/2
   714 | D:1      | Reached XP level 3. HP: 19/23 MP: 3/3
   812 | D:1      | Reached ** piety under Trog
  1210 | D:2      | Reached XP level 4. HP: 19/29 MP: 4/4
  1320 | D:2      | Reached skill level 4 in Maces & Flails
  1866 | D:3      | Noticed Jessica
  1872 | D:3      | Killed Jessica
  1872 | D:3      | Reached skill level 1 in Stealth
  1928 | D:3      | Reached XP level 5. HP: 22/33 MP: 5/5
  1976 | D:3      | Noticed Ijyb
  1994 | D:3      | Killed Ijyb
  2061 | D:3      | Reached *** piety under Trog
  2080 | D:3      | Found a radiant altar of Vehumet.
  2098 | D:3      | Reached skill level 5 in Maces & Flails
  2346 | D:3      | Found a blossoming altar of Fedhas.
  2933 | D:4      | Reached XP level 6. HP: 23/38 MP: 6/6
  3020 | D:5      | Entered Level 5 of the Dungeon
  3036 | D:4      | Reached skill level 6 in Maces & Flails
  3038 | D:4      | Mangled by an ogre

Skill      XL: |  1  2  3  4  5  6 |
---------------+-------------------+-----
Dodging        | 2 |  2.3
Maces & Flails | 4 5 6 |  6.0
Fighting       | 4 |  4.0
Stealth        | 1 |  1.0
Armour         | |  2.2

Action                   |  1- 3 |  4- 6 || total
-------------------------+-------+-------++-------
Melee: Mace              |   152 |   190 ||   342
Invok: Berserk           |       |     1 ||     1
  Use: Scroll            |       |     3 ||     3
 Stab: Sleeping          |     1 |       ||     1
  Eat: Chunk             |     1 |     7 ||     8
Armor: Animal skin       |    50 |    10 ||    60
       Scale mail        |       |    90 ||    90
Dodge: Dodged            |   126 |    98 ||   224
